 Dungeon Crawl Stone Soup version 0.31.0-9-g3a7656b989 (webtiles) character file.

Game seed: 4651753892005478542

592 qw the Skirmisher (level 7, -6/40 HPs)
             Began as a Deep Elf Hunter on Feb 2, 2024.
             Mangled by a bog mummy (16 damage)
             ... in an ossuary.
             The game lasted 00:00:12 (2925 turns).

qw the Skirmisher (Deep Elf Hunter)                 Turns: 2925, Time: 00:00:12

Health: -6/40      AC:  5    Str: 10    XL:     7   Next: 16%
Magic:  9/9        EV: 11    Int: 14    God:
Gold:   258        SH:  0    Dex: 18    Spells: 6/6 levels left

rFire   . . .        a - +1 shortbow (heavy)
rCold   . . .        (shield currently unavailable)
rNeg    . . .        i - +0 ring mail
rPois   .            (no helmet)
rElec   .            (no cloak)
rCorr   .            (no gloves)
SInv    .            (no boots)
Will    .....        (no amulet)
Stlth   +            (no ring)
HPRegen 0.26/turn    (no ring)
MPRegen 0.11/turn

%: no passive effects
@: no status effects
A: no striking features
a: no special abilities


You were in an ossuary.
You visited 1 branch of the dungeon, and saw 4 of its levels.
You also visited: Ossuary.

You collected 258 gold pieces.


   Skills:
 - Level 2.1 Fighting
 + Level 10.8 Ranged Weapons
 - Level 3.5 Dodging
 - Level 1.2 Stealth


You had 6 spell levels left.
You didn't know any spells.
Your spell library was empty.

Inventory:

Hand Weapons
 a - a +1 heavy shortbow (weapon)
Armour
 i - a +0 ring mail (worn)
Wands
 k - a wand of flame (16)
Potions
 d - a potion of curing
 f - a potion of enlightenment
 g - a potion of haste {unknown}

Dungeon Overview and Level Annotations

Branches:
Dungeon (4/15)             Temple (0/1) D:4         Ossuary (1/1)

Altars:


Message History

You shoot an arrow. The arrow hits the bog mummy!!
You destroy the bog mummy!
A killer bee zombie comes into view.
The killer bee zombie barely misses you.
You shoot an arrow. The arrow misses the killer bee zombie.
The killer bee zombie hits you.
The killer bee zombie closely misses you.
The killer bee zombie barely misses you.
You shoot an arrow. The arrow hits the killer bee zombie.
The killer bee zombie is moderately damaged.
The killer bee zombie misses you.
The killer bee zombie hits you but does no damage.
You shoot an arrow.
The arrow closely misses the killer bee zombie.
The killer bee zombie hits you but does no damage. x2
The killer bee zombie barely misses you.
You shoot an arrow.
The arrow closely misses the killer bee zombie.
The killer bee zombie hits you.
The killer bee zombie hits you but does no damage.
A bog mummy comes into view.
You shoot an arrow. The arrow hits the bog mummy.
The bog mummy is lightly damaged.
You shoot an arrow. The arrow barely misses the bog mummy.
The arrow closely misses the bog mummy.
The bog mummy hits you!!
2921 ||| DRINKING potion of heal wounds.
You feel much better.
You shoot an arrow. The arrow barely misses the bog mummy.
The killer bee zombie hits you.
The killer bee zombie hits you but does no damage.
The bog mummy closely misses you.
You shoot an arrow. The arrow hits the killer bee zombie!!
You destroy the killer bee zombie!
You shoot an arrow. The arrow hits the bog mummy!
The bog mummy is almost destroyed.
The bog mummy hits you!
You shoot an arrow. The arrow barely misses the bog mummy.
The bog mummy hits you!
You die...

# #~ #.
#~~ #####
#..~#M..#
#~M@\.#
+~#..\# #
#####


You could see 2 bog mummies.

Vanquished Creatures
  Grinder (D:3)
  A scorpion (D:4)
  A howler monkey (D:4)
  2 orc priests (D:3)
  A mummy (Ossuary)
  An orc wizard (D:3)
  A killer bee zombie (Ossuary)
  4 gnolls (D:3)
  4 adders
  A ribbon worm (D:2)
  4 dart slugs
  An orc (D:3)
  6 endoplasms
  3 giant cockroaches
  11 goblins
  7 hobgoblins
  7 jackals
  4 kobolds
  2 quokkas (D:1)
  8 ball pythons
  7 bats
  3 frilled lizards
  6 rats
86 creatures vanquished.

Notes
Turn   | Place    | Note
-------+----------+-------------------------------------------
     0 | D:1      | qw the Deep Elf Hunter began the quest for the Orb.
     0 | D:1      | Reached XP level 1. HP: 12/12 MP: 3/3
     0 | D:1      | 0 ||| qw: Version: 0.3-a-155-g5e7d8dd
     0 | D:1      | 0 ||| qw: Game counter: 1183
     0 | D:1      | 0 ||| qw: Melee chars always use a shield: true
     0 | D:1      | 0 ||| qw: God list: Okawaru
     0 | D:1      | 0 ||| qw: Allow faded altars: false
     0 | D:1      | 0 ||| qw: Do Orc after clearing Dungeon:15 true
     0 | D:1      | 0 ||| qw: Do second Lair branch before Depths: true
     0 | D:1      | 0 ||| qw: Lair rune preference: random
     0 | D:1      | 0 ||| qw: Goals: Normal
     0 | D:1      | 0 ||| PLANNING D:1-11
   105 | D:1      | Reached XP level 2. HP: 16/16 MP: 4/4
   155 | D:1      | Reached skill level 6 in Ranged Weapons
   420 | D:1      | 420 ||| RETREEEEATING.
   422 | D:1      | 422 ||| RETREEEEATING.
   439 | D:1      | HP: 4/16 [jackal (1)]
   444 | D:1      | HP: 3/16 [jackal (2)]
   445 | D:1      | Reached XP level 3. HP: 3/20 MP: 5/5
   750 | D:1      | 750 ||| UPGRADING to +0 ring mail.
   760 | D:1      | 760 ||| DROPPING +0 leather armour.
   761 | D:1      | 761 ||| READING scroll labelled XAQOIT OLLI.
   761 | D:1      | 761 ||| IDENTIFYING golden potion
   762 | D:1      | 762 ||| READING scroll labelled GOG JECVECRO.
   762 | D:1      | 762 ||| BRANDING +0 shortbow.
   763 | D:1      | 763 ||| DROPPING scroll of butterflies.
   798 | D:2      | 798 ||| STAIRDANCE
   803 | D:2      | 803 ||| STAIRDANCE
   813 | D:2      | Reached skill level 7 in Ranged Weapons
  1141 | D:2      | HP: 5/20 [poisoned by an adder]
  1142 | D:2      | Reached XP level 4. HP: 7/25 MP: 6/6
  1444 | D:2      | 1444 ||| READING scroll of identify.
  1444 | D:2      | 1444 ||| IDENTIFYING yellow potion
  1445 | D:2      | 1445 ||| READING scroll labelled DOZAANKIVAM.
  1446 | D:2      | 1446 ||| READING scroll labelled UXEDWA HAANAFE.
  1446 | D:2      | 1446 ||| ENCHANTING +0 heavy shortbow.
  1447 | D:2      | 1447 ||| DRINKING 2 fizzy green potions.
  1499 | D:2      | 1499 ||| DROPPING potion of lignification.
  1500 | D:2      | 1500 ||| DROPPING potion of brilliance.
  1564 | D:3      | 1564 ||| FLEEEEING.
  1565 | D:3      | 1565 ||| FLEEEEING.
  1566 | D:3      | 1566 ||| FLEEEEING.
  1567 | D:3      | 1567 ||| STAIRDANCE
  1587 | D:3      | Reached skill level 8 in Ranged Weapons
  1617 | D:3      | HP: 6/25 [gnoll/+0 flail (4)]
  1619 | D:3      | 1619 ||| FLEEEEING.
  1620 | D:3      | 1620 ||| FLEEEEING.
  1621 | D:3      | 1621 ||| FLEEEEING.
  1808 | D:3      | Reached XP level 5. HP: 29/29 MP: 7/7
  1815 | D:3      | Reached skill level 9 in Ranged Weapons
  2056 | D:3      | Noticed Grinder
  2058 | D:3      | 2058 ||| FLEEEEING.
  2059 | D:3      | 2059 ||| FLEEEEING.
  2060 | D:3      | 2060 ||| FLEEEEING.
  2061 | D:3      | 2061 ||| FLEEEEING.
  2065 | D:3      | Paralysed by Grinder for 5 turns
  2079 | D:3      | 2079 ||| FLEEEEING.
  2080 | D:3      | 2080 ||| FLEEEEING.
  2081 | D:3      | 2081 ||| FLEEEEING.
  2082 | D:3      | 2082 ||| FLEEEEING.
  2083 | D:3      | 2083 ||| FLEEEEING.
  2084 | D:3      | 2084 ||| FLEEEEING.
  2085 | D:3      | 2085 ||| FLEEEEING.
  2086 | D:3      | 2086 ||| FLEEEEING.
  2087 | D:3      | 2087 ||| FLEEEEING.
  2088 | D:3      | 2088 ||| FLEEEEING.
  2089 | D:3      | 2089 ||| FLEEEEING.
  2090 | D:3      | 2090 ||| FLEEEEING.
  2091 | D:3      | 2091 ||| FLEEEEING.
  2092 | D:3      | 2092 ||| FLEEEEING.
  2098 | D:3      | Killed Grinder
  2099 | D:3      | Reached skill level 10 in Ranged Weapons
  2099 | D:3      | Reached XP level 6. HP: 17/35 MP: 8/8
  2516 | D:3      | 2516 ||| READING scroll of identify.
  2516 | D:3      | 2516 ||| IDENTIFYING dark potion
  2517 | D:3      | 2517 ||| READING scroll labelled MUSHRA ENKAVUNI.
  2518 | D:3      | 2518 ||| READING scroll labelled VIXZAU NAWNETT.
  2519 | D:3      | 2519 ||| READING scroll labelled JITACV WEUF.
  2520 | D:3      | 2520 ||| READING scroll labelled XEYXEFF HAAPN.
  2521 | D:3      | 2521 ||| DRINKING 2 orange potions.
  2522 | D:3      | 2522 ||| DROPPING potion of invisibility.
  2525 | D:3      | 2525 ||| Stepping ~*~*~tactically~*~*~ (cloud).
  2622 | D:4      | 2622 ||| PLANNING OSSUARY
  2793 | D:4      | Reached skill level 3 in Dodging
  2796 | D:4      | Found a staircase to the Ecumenical Temple.
  2811 | D:4      | Reached XP level 7. HP: 40/40 MP: 9/9
  2899 | D:4      | Found a sand-covered staircase.
  2900 | D:4      | 2900 ||| READING scroll of identify.
  2900 | D:4      | 2900 ||| IDENTIFYING amethyst potion
  2901 | D:4      | 2901 ||| READING 2 scrolls labelled YRUURUYNAR.
  2902 | D:4      | 2902 ||| DROPPING scroll of fog.
  2911 | Ossuary  | Entered an ossuary
  2920 | Ossuary  | HP: 9/40 [bog mummy (18)]
  2921 | Ossuary  | 2921 ||| DRINKING potion of heal wounds.
  2925 | Ossuary  | Mangled by a bog mummy

Levels and vault maps discovered:
D:1:      lemuel_arrival_cross, layout_loops_ring, serial_park_tiny_1,
          minmay_tromino_v7
D:2:      layout_basic
D:3:      layout_loops_ring, uniq_grinder
D:4:      layout_loops_ring, minmay_temple_entry_statues_fountains,
          nicolae_ossuary_entry_monument
Ossuary:  ossuary_zaba_flooded

Skill      XL: |  1  2  3  4  5  6 |
---------------+-------------------+-----
Ranged Weapons | 6 7 8 10 | 10.8
Fighting       | 2 |  2.1
Dodging        | 3 |  3.5
Stealth        | |  1.2

Action                     |  1- 3 |  4- 6 |  7- 9 || total
---------------------------+-------+-------+-------++-------
   Fire: Shortbow          |   106 |   109 |    14 ||   229
    Use: Scroll            |     2 |     8 |     2 ||    12
         Potion            |       |     2 |     1 ||     3
 Armour: Leather armour    |    23 |       |       ||    23
         Ring mail         |    23 |    37 |    14 ||    74
  Dodge: Dodged            |    56 |    48 |     6 ||   110

Table legend:
 A = Non-vault XP
 B = Vault XP
 C = Vault XP percentage of total XP
 D = Non-vault monster count
 E = Vault monster count
 F = Vault count percentage of total count
                 A         B        C        D         E       F
            +---------+---------+-------+---------+---------+-------
      Total |     484 |     362 |  42.8 |      80 |       6 |   7.0
            +---------+---------+-------+---------+---------+-------
        D:1 |      51 |       5 |   8.9 |      30 |       3 |   9.1
        D:2 |      55 |       0 |   0.0 |      15 |       0 |   0.0
        D:3 |     221 |     290 |  56.8 |      25 |       1 |   3.8
        D:4 |     157 |       0 |   0.0 |      10 |       0 |   0.0
    Ossuary |       0 |      67 | 100.0 |       0 |       2 | 100.0
            +---------+---------+-------+---------+---------+-------
